 Dungeon Crawl Stone Soup version 0.28.0-53-g5a82cb258f (webtiles) character file.

Game seed: 12558384807372474381

2457 DocClef the Shield-Bearer (level 9, -6/74 HPs)
             Began as a Gnoll Fighter on June 28, 2022.
             Was a Priest of Okawaru.
             Mangled by a white ugly thing (35 damage)
             ... on level 7 of the Dungeon.
             The game lasted 00:09:37 (8585 turns).

DocClef the Shield-Bearer (Gnoll Fighter)           Turns: 8585, Time: 00:09:37

Health: -6/74      AC: 16    Str: 20    XL:     9   Next: 50%
Magic:  15/15      EV:  7    Int:  7    God:    Okawaru [***...]
Gold:   324        SH: 13    Dex: 12    Spells: 16/16 levels left

rFire   . . .      SeeInvis .   H - +4 flail (vorpal)
rCold   . . .      Faith    .   D - +2 buckler
rNeg    . . .      Spirit   .   s - +0 plate armour
rPois   .          Reflect  +   (no helmet)
rElec   .          Harm     .   (no cloak)
rCorr   .          Rampage  .   i - +0 pair of gloves
Will    .....                   z - +0 pair of boots
Stlth   ..........              p - amulet of reflection
HPRegen 0.22/turn               (no ring)
MPRegen 0.14/turn               (no ring)

@: no status effects
A: fangs 1, strong nose, distributed training
a: Renounce Religion, Heroism


You were on level 7 of the Dungeon.
You worshipped Okawaru.
Okawaru was most pleased with you.
You visited 2 branches of the dungeon, and saw 8 of its levels.

You collected 324 gold pieces.

Inventory:

Hand Weapons
 G - a +2 mace of protection
 H - a +4 vorpal flail (weapon)
Armour
 i - a +0 pair of gloves (worn)
 s - a +0 plate armour (worn)
 z - a +0 pair of boots (worn)
 D - a +2 buckler (worn)
Jewellery
 p - an amulet of reflection (around neck)
Scrolls
 f - 4 scrolls of identify {unknown}
 h - 4 scrolls of amnesia {unknown}
 k - a scroll of magic mapping {unknown}
 l - a scroll of summoning {unknown}
 n - a scroll of fear {unknown}
 q - a scroll of blinking {unknown}
 r - 2 scrolls of teleportation {unknown}
 u - a scroll of holy word {unknown}
 v - a scroll of fog {unknown}
 w - a scroll of acquirement {unknown}
 x - a scroll of immolation {unknown}
 y - a scroll of noise {unknown}
Potions
 d - a potion of might
 e - a potion of curing
 g - 3 potions of attraction {unknown}
 j - a potion of degeneration {unknown}
 m - 2 potions of haste {unknown}
 o - 4 potions of cancellation {unknown}
 t - a potion of heal wounds {unknown}
 B - a potion of lignification {unknown}
 F - a potion of mutation {unknown}


   Skills:
 + Level 7.9 Fighting
 + Level 4.3 Short Blades
 + Level 4.3 Long Blades
 + Level 4.3 Axes
 + Level 6.3 Maces & Flails
 + Level 4.3 Polearms
 + Level 4.3 Staves
 + Level 4.3 Slings
 + Level 4.3 Bows
 + Level 4.3 Crossbows
 + Level 4.3 Throwing
 + Level 7.9 Armour
 + Level 4.3 Dodging
 + Level 4.3 Stealth
 + Level 7.9 Shields
 + Level 4.3 Unarmed Combat
 + Level 4.3 Spellcasting
 + Level 3.5 Conjurations
 + Level 3.5 Hexes
 + Level 3.5 Summonings
 + Level 3.5 Necromancy
 + Level 3.5 Translocations
 + Level 3.5 Transmutations
 + Level 3.5 Fire Magic
 + Level 3.5 Ice Magic
 + Level 3.5 Air Magic
 + Level 3.5 Earth Magic
 + Level 3.5 Poison Magic
 + Level 4.7 Invocations
 + Level 4.3 Evocations


You had 16 spell levels left.
You didn't know any spells.
Your spell library contained the following spells:

 Spells                   Type           Power      Damage    Failure   Level
 Magic Dart               Conj           24%        1d4       87%         1
 Searing Ray              Conj           12%        2d4       95%         2
 Fulminant Prism          Conj/Hex       3%         3d6       100%        4
 Summon Small Mammal      Summ           Unusable   N/A       N/A         1
 Call Canine Familiar     Summ           Unusable   N/A       N/A         3
 Summon Guardian Golem    Hex/Summ       Unusable   N/A       N/A         3

Dungeon Overview and Level Annotations

Branches:
Dungeon (7/15)             Temple (1/1) D:5

Altars:
Ashenzari
Cheibriados
Fedhas
Gozag
Okawaru
Qazlal
Sif Muna
Trog
Xom
Yredelemnul

Shops:
D:5 [=??*


Innate Abilities, Weirdness & Mutations

You have very sharp teeth.
Your uncanny sense of smell can sniff out nearby items.
Your experience applies equally to all skills.


Message History

You closely miss the white imp. Your bite misses the white imp.
The white imp is severely wounded.
The white imp hits you but does no damage.
You block the white imp's attack.
You hit the white imp.
You kill the white imp!
Okawaru accepts your kill.
A white ugly thing is nearby!
You start resting.
A white ugly thing is nearby!
Throw: throwing net
Press: ? - help, Q - select action, (/) - cycle Shift-Dir - straight line, f - white ugly thing
Aim: a white ugly thing (wandering, hasn't noticed you, 63% to hit)
You throw a throwing net.
The throwing net closely misses the white ugly thing.
The white ugly thing gurgles horribly!
You hit the white ugly thing.
You bite the white ugly thing, but do no damage.
The white ugly thing is lightly wounded.
The white ugly thing tentacle-slaps you but does no damage.
You sock the white ugly thing! Your bite misses the white ugly thing.
The white ugly thing is moderately wounded.
The white ugly thing tentacle-slaps you but does no damage.
You sock the white ugly thing!
You bite the white ugly thing, but do no damage.
The white ugly thing is heavily wounded.
You block the white ugly thing's attack.
You thump the white ugly thing! Your bite misses the white ugly thing.
The white ugly thing is heavily wounded.
You block the white ugly thing's attack.
You hit the white ugly thing. Your bite misses the white ugly thing.
The white ugly thing is severely wounded.
The white ugly thing tentacle-slaps you!
The white ugly thing freezes you!
You thump the white ugly thing!
You bite the white ugly thing, but do no damage.
The white ugly thing is almost dead.
The white ugly thing tentacle-slaps you!
The white ugly thing freezes you!!
You die...

######## #####......#
..........>#######+###
####........#........
####.#'#..#.#'####.## #
...#.#.#...........(## ..#
...#.#.#...#...###...#....
...#.#.#.......##u.#.....#
...#.#.###†....#@.)##...##
...#.#.####........###.###
................###.##.##.
.................###.#!#u#
####.#.####.####..####.###
####.........# #......⌠...
...#.#.....#.###..####.###
##.^<#.....#.##..###.#.#h#
##...#.....#..#.###.##.


You could see a white ugly thing.

Vanquished Creatures
  A vampire mosquito (D:7)
  A necrophage (D:6)
  2 orc warriors
  2 black bears
  A sky beast (D:5)
  An ogre (D:4)
  A centaur (D:6)
  A phantom (D:5)
  A gnoll sergeant (D:6)
  A scorpion (D:6)
  A water moccasin skeleton (D:5)
  5 wights
  3 bullfrog zombies (D:6)
  2 centaur zombies
  4 hounds
  6 orc priests
  2 jellies
  A centaur skeleton (D:5)
  A gnoll shaman (D:4)
  4 iguanas
  2 orc wizards (D:6)
  2 killer bee zombies (D:6)
  A hound zombie (D:5)
  A howler monkey zombie (D:6)
  A howler monkey skeleton (D:7)
  14 gnolls
  8 adders
  A shadow imp (D:5)
  2 white imps (D:7)
  A worm (D:2)
  A dart slug (D:1)
  28 orcs
  5 endoplasms
  3 giant cockroaches
  10 goblins
  6 hobgoblins
  11 jackals
  9 kobolds
  3 quokkas
  4 ball pythons
  4 bats
  A frilled lizard (D:3)
  7 rats
166 creatures vanquished.

Notes
Turn   | Place    | Note
-------+----------+-------------------------------------------
     0 | D:1      | DocClef the Gnoll Fighter began the quest for the Orb.
     0 | D:1      | Reached XP level 1. HP: 23/23 MP: 1/1
    18 | D:1      | Reached XP level 2. HP: 28/29 MP: 2/2
   448 | D:1      | Reached XP level 3. HP: 33/35 MP: 3/3
   680 | D:1      | Found a faded altar of an unknown god.
   743 | D:2      | You fall into a shaft and drop 2 floors!
   770 | D:3      | Found a broken altar of Ashenzari.
   770 | D:3      | Found an iron altar of Okawaru.
   776 | D:3      | Found an opulent altar of Gozag.
   777 | D:3      | Found a blossoming altar of Fedhas.
   782 | D:3      | Became a worshipper of Warmaster Okawaru
   815 | D:2      | Reached skill level 1 in Invocations
   842 | D:2      | Found a blossoming altar of Fedhas.
   998 | D:2      | Reached skill level 1 in Short Blades
   998 | D:2      | Reached skill level 1 in Long Blades
   998 | D:2      | Reached skill level 1 in Axes
   998 | D:2      | Reached skill level 1 in Polearms
   998 | D:2      | Reached skill level 1 in Staves
   998 | D:2      | Reached skill level 1 in Slings
   998 | D:2      | Reached skill level 1 in Bows
   998 | D:2      | Reached skill level 1 in Crossbows
   998 | D:2      | Reached skill level 1 in Throwing
   998 | D:2      | Reached skill level 1 in Dodging
   998 | D:2      | Reached skill level 1 in Stealth
   998 | D:2      | Reached skill level 1 in Unarmed Combat
   998 | D:2      | Reached skill level 1 in Spellcasting
   998 | D:2      | Reached skill level 1 in Evocations
   998 | D:2      | Reached XP level 4. HP: 22/41 MP: 5/5
  1432 | D:2      | Reached skill level 1 in Conjurations
  1432 | D:2      | Reached skill level 1 in Hexes
  1432 | D:2      | Reached skill level 1 in Summonings
  1432 | D:2      | Reached skill level 1 in Necromancy
  1432 | D:2      | Reached skill level 1 in Translocations
  1432 | D:2      | Reached skill level 1 in Transmutations
  1432 | D:2      | Reached skill level 1 in Fire Magic
  1432 | D:2      | Reached skill level 1 in Ice Magic
  1432 | D:2      | Reached skill level 1 in Air Magic
  1432 | D:2      | Reached skill level 1 in Earth Magic
  1432 | D:2      | Reached skill level 1 in Poison Magic
  1938 | D:3      | Reached XP level 5. HP: 39/47 MP: 6/6
  2509 | D:3      | Found a shimmering altar of Xom.
  2685 | D:4      | Noticed an ogre
  2689 | D:4      | Killed an ogre
  2689 | D:4      | Reached * piety under Okawaru
  2690 | D:4      | Reached XP level 6. HP: 42/53 MP: 8/8
  2814 | D:4      | Reached skill level 5 in Maces & Flails
  3185 | D:4      | Noticed a black bear
  3191 | D:4      | Killed a black bear
  3256 | D:4      | Reached XP level 7. HP: 53/59 MP: 10/10
  3465 | D:5      | Entered Level 5 of the Dungeon
  3465 | D:5      | Found Huosiopt's Magic Scroll Boutique.
  3480 | D:4      | HP: 1/59 [gnoll/+0 spear (5)]
  3863 | D:5      | Found Veemos's Jewellery Boutique.
  4106 | D:5      | Found Doutsiur's Armour Shoppe.
  4315 | D:5      | Reached ** piety under Okawaru
  4353 | D:5      | Found Ufabel's Magic Scroll Emporium.
  4369 | D:5      | Reached XP level 8. HP: 64/67 MP: 12/12
  4419 | D:5      | Found a staircase to the Ecumenical Temple.
  4729 | D:5      | Found a snail-covered altar of Cheibriados.
  4758 | D:5      | Found Gyixo's Assorted Antiques.
  5074 | D:5      | Found a bloodstained altar of Trog.
  5462 | Temple   | Entered the Ecumenical Temple
  6026 | D:5      | HP: 1/67 [orc warrior/+0 dire flail (7)]
  6032 | D:5      | HP: 1/67 [orc warrior/+0 dire flail (2)]
  6825 | D:5      | Reached XP level 9. HP: 21/69 MP: 14/14
  7260 | D:6      | Reached *** piety under Okawaru
  7785 | D:6      | Found a basalt altar of Yredelemnul.
  8519 | D:7      | Noticed a white ugly thing
  8585 | D:7      | Mangled by a white ugly thing

Illustrated notes

Levels and vault maps discovered:
D:1:      dpeg_arrival_orchard, layout_rooms,
          hellmonk_ecumenical_altar_dog_temple, nicolae_figureground_sparkle
D:2:      layout_loops_ring, basic_altar, cheibrodos_gnoll_hut
D:3:      layout_loops_ring, lemuel_round_altar,
          chequers_temple_overflow_statue_of_worship, kennysheep_flooded_box,
          minmay_misc_feat_iff
D:4:      layout_loops_ring, moated_statue
D:5:      layout_loops_cross, cheibriados_altar_1, kennysheep_mini_moat,
          minmay_temple_entry_wispy, serial_shops, shop_fountains, shop,
          nicolae_stop_n_shop_2, nicolae_square_shop, nicolae_shop_trees,
          water_boxes_lemuel
D:6:      layout_basic, nicolae_yredelemnul_corpse_copse
D:7:      layout_basic, kb_rosetta
Temple:   nicolae_temple_hex_pool

Skill      XL: |  1  2  3  4  5  6  7  8  9 |
---------------+----------------------------+-----
Invocations    | 1 2 3 4 |  4.7
Short Blades   | 1 2 3 4 |  4.3
Long Blades    | 1 2 3 4 |  4.3
Axes           | 1 2 3 4 |  4.3
Polearms       | 1 2 3 4 |  4.3
Staves         | 1 2 3 4 |  4.3
Slings         | 1 2 3 4 |  4.3
Bows           | 1 2 3 4 |  4.3
Crossbows      | 1 2 3 4 |  4.3
Throwing       | 1 2 3 4 |  4.3
Dodging        | 1 2 3 4 |  4.3
Stealth        | 1 2 3 4 |  4.3
Unarmed Combat | 1 2 3 4 |  4.3
Spellcasting   | 1 2 3 4 |  4.3
Evocations     | 1 2 3 4 |  4.3
Conjurations   | 1 2 3 |  3.5
Hexes          | 1 2 3 |  3.5
Summonings     | 1 2 3 |  3.5
Necromancy     | 1 2 3 |  3.5
Translocations | 1 2 3 |  3.5
Transmutations | 1 2 3 |  3.5
Fire Magic     | 1 2 3 |  3.5
Ice Magic      | 1 2 3 |  3.5
Air Magic      | 1 2 3 |  3.5
Earth Magic    | 1 2 3 |  3.5
Poison Magic   | 1 2 3 |  3.5
Maces & Flails | 5 6 |  6.3
Fighting       | 7 |  7.9
Armour         | 7 |  7.9
Shields        | 7 |  7.9

Action                   |  1- 3 |  4- 6 |  7- 9 || total
-------------------------+-------+-------+-------++-------
Melee: Flail             |   135 |   171 |   203 ||   509
       Bite              |    10 |    16 |    80 ||   106
       Whip              |       |       |   109 ||   109
       Morningstar       |       |       |   148 ||   148
       Mace              |       |       |    35 ||    35
Throw: Throwing net      |       |       |     3 ||     3
Invok: Heroism           |       |       |     2 ||     2
  Use: Potion            |       |       |     1 ||     1
Armor: Scale mail        |    79 |    67 |   141 ||   287
       Plate armour      |       |       |   107 ||   107
Dodge: Dodged            |    76 |    59 |   172 ||   307
Block: Buckler           |    45 |    45 |   204 ||   294
